 Dungeon Crawl Stone Soup version 0.29.1-12-g30fa7ad0bf (webtiles) character file.

Game seed: 8794954864363009360

38 xian the Firebug (level 3, 0/25 HPs)
             Began as a Demonspawn Fire Elementalist on Jan 13, 2023.
             Slain by a goblin
             ... wielding a +0 club
             ... led by Robin
              (1 damage)
             ... on level 2 of the Dungeon.
             The game lasted 00:04:55 (2070 turns).

xian the Firebug (Demonspawn Fire Elementalist)     Turns: 2070, Time: 00:04:56

Health: 0/25       AC:  3    Str:  8    XL:     3   Next: 25%
Magic:  5/6        EV: 12    Int: 18    God:
Gold:   86         SH:  0    Dex: 13    Spells: 0/6 levels left

rFire   . . .      SeeInvis .   h - +1 short sword (speed)
rCold   . . .      Faith    .   (no shield)
rNeg    . . .      Spirit   .   a - +0 robe
rPois   .          Reflect  .   f - +0 helmet
rElec   .          Harm     .   (no cloak)
rCorr   .          Rampage  .   (no gloves)
Will    .....                   (no boots)
Stlth   ++........              (no amulet)
HPRegen 0.08/turn               (no ring)
MPRegen 0.10/turn               (no ring)

@: no status effects
A: demonic touch 1
a: no special abilities


You were on level 2 of the Dungeon.
You visited 1 branch of the dungeon, and saw 2 of its levels.

You collected 86 gold pieces.

Inventory:

Hand Weapons
 h - a +1 short sword of speed (weapon)
Missiles
 g - 6 poisoned darts
Armour
 a - a +0 robe (worn)
 f - a +0 helmet (worn)
Scrolls
 c - a scroll of identify {unknown}
 d - a scroll of magic mapping {unknown}
Potions
 b - a potion of magic
 e - a potion of lignification {unknown}


   Skills:
 + Level 0.4 Fighting
 + Level 2.3 Dodging
 + Level 2.0 Stealth
 + Level 2.3 Spellcasting
 + Level 1.1 Conjurations
 + Level 3.2 Fire Magic


You couldn't memorise any spells.
You knew the following spells:

 Your Spells              Type           Power      Damage    Failure   Level
a - Foxfire               Conj/Fire      36%        2x1d5     8%          1
b - Scorch                Fire           26%        2d6       7%          2
c - Conjure Flame         Conj/Fire      9%         6-21      22%         3

Your spell library contained the following spells:

 Spells                   Type           Power      Damage    Failure   Level
 Inner Flame              Hex/Fire       7%         N/A       26%         3
 Flame Wave               Conj/Fire      9%         2d6       58%         4


Dungeon Overview and Level Annotations

Branches:
Dungeon (2/15)

Altars:

Annotations:
D:2 Robin


Innate Abilities, Weirdness & Mutations

Your touch may inflict minor irresistible damage on your foes.


Message History

The bat barely misses you. The bat completely misses you.
You hit the bat.
You kill the bat!
Robin zaps a wand.
The puff of flame hits you!
A hobgoblin comes into view.
The hobgoblin shouts!
You hear a shout!
Robin roars a battlecry!
The goblins go into a battle-frenzy!
You hear a shout! x2
The goblin attacks as you move away! The goblin misses you.
The goblin attacks as you move away! The goblin closely misses you.
The goblin attacks as you move away! The goblin barely misses you.
You see here a hobgoblin corpse.
You conjure some foxfire!
Robin roars a battlecry!
Unknown command.
Your foxfire dissipates!
The foxfire hits the goblin.
The goblin is moderately wounded.
The goblin closely misses you.
Robin says, "Feeling lonely?"
Robin zaps a wand.
The puff of flame hits you.
Unknown command.
You are too injured to fight recklessly!
Unknown command.
You are too injured to fight recklessly!
Casting: Foxfire (safe; 8% risk of failure)
Confirm with . or Enter, or press ? or * to list all spells.
You conjure some foxfire!
Robin roars a battlecry!
The goblin hits you with a +0 club.
* * * LOW HITPOINT WARNING * * *
You hear a shout!
You hear an angry hiss.
Your foxfire dissipates!
The foxfire hits the goblin.
The goblin is severely wounded.
The goblin attacks as you move away! The goblin hits you with a +0 club.
* * * LOW HITPOINT WARNING * * *
The goblin attacks as you move away! The goblin hits you with a +0 club.
You die...

#####################
#......†.g..........#
#.###.....)....g@.#.#
..# #.###########.#.#
.## #.# #.#.# ## #.#
#...# #.# ##.#.## #.#
#.###.# #.# ##.#..#
#.# ###.#.######
#<..........#


You could see Robin and a goblin (strong).

Vanquished Creatures
  A dart slug (D:1)
  3 ball pythons (D:1)
  2 bats
  3 endoplasms (D:1)
  2 giant cockroaches (D:1)
  4 hobgoblins
  3 jackals (D:1)
  A quokka (D:2)
  A frilled lizard (D:1)
  5 goblins
  3 kobolds (D:1)
  5 rats (D:1)
33 creatures vanquished.

Vanquished Creatures (collateral kills)
  A foxfire (D:1)
1 creature vanquished.

Vanquished Creatures (others)
  80 foxfires
80 creatures vanquished.

Grand Total: 114 creatures vanquished

Notes
Turn   | Place    | Note
-------+----------+-------------------------------------------
     0 | D:1      | xian the Demonspawn Fire Elementalist began the quest for
                  | the Orb.
     0 | D:1      | Reached XP level 1. HP: 13/13 MP: 3/3
   508 | D:1      | Gained mutation: Your touch may inflict minor irresistible
                  | damage on your foes. [demonic ancestry]
   508 | D:1      | Reached XP level 2. HP: 19/19 MP: 0/5
   510 | D:1      | Reached skill level 3 in Fire Magic
  1255 | D:1      | Found a faded altar of an unknown god.
  1484 | D:1      | Reached XP level 3. HP: 24/24 MP: 3/6
  1493 | D:1      | Learned a level 2 spell: Scorch
  1497 | D:1      | Learned a level 3 spell: Conjure Flame
  1933 | D:2      | Noticed Robin
  2069 | D:2      | HP: 1/25 [goblin/+0 club[Robin] (3)]
  2070 | D:2      | Slain by a goblin

Illustrated notes

Levels and vault maps discovered:
D:1:      sevenhm_arrival_forest_fort_large_4, layout_loops_ring,
          shapermc_ecumenical_altar_mp_vishouse, serial_rivers,
          chequers_serial_rivers_small_3, chequers_serial_rivers_small_b,
          chequers_serial_rivers_small_a, chequers_serial_rivers_micro_a,
          chequers_serial_rivers_room_b
D:2:      layout_loops_ring, uniq_robin

Skill      XL: |  1  2 |
---------------+-------+-----
Fire Magic     | 3 |  3.2
Dodging        | 2 |  2.3
Stealth        | 2 |  2.0
Fighting       | |  0.4
Spellcasting   | |  2.3
Conjurations   | |  1.1

Action                   || total
-------------------------++-------
Melee: Dagger            ||    37
       Unarmed           ||     2
       Touch             ||     5
       Short sword       ||     2
 Cast: Foxfire           ||    51
       Scorch            ||     1
Armor: Robe              ||    30
Dodge: Dodged            ||    89
